 Dungeon Crawl Stone Soup version 0.29-a0-284-gf9362112df (webtiles) character file.

Game seed: 17109243358781534227

1816 avis the Covert (level 9, -5/58 HPs)
             Began as an Octopode Transmuter on Mar 21, 2022.
             Slain by a black bear (8 damage)
             ... on level 5 of the Dungeon.
             The game lasted 00:31:41 (6120 turns).

avis the Covert (Octopode Transmuter)               Turns: 6120, Time: 00:31:42

Health: -5/58      AC:  1    Str: 14    XL:     9   Next: 10%
Magic:  8/13       EV: 12    Int: 15    God:
Gold:   265        SH:  5    Dex: 12    Spells: 6/14 levels left

rFire   x . .      SeeInvis .     - Unarmed
rCold   + . .      Faith    .   i - +0 buckler
rNeg    . . .      Spirit   .   (helmet restricted)
rPois   .          Reflect  .   (no amulet)
rElec   .          Harm     .   f - ring of ice
rCorr   .          Rampage  .   (no ring)
Will    .....                   (no ring)
Stlth   +++++.....              (no ring)
HPRegen 0.19/turn               (no ring)
MPRegen 0.13/turn               (no ring)
                                (no ring)
                                (no ring)

@: no status effects
A: almost no armour, amphibious, 8 rings, camouflage 1, gelatinous body 1,
(nimble swimmer 1), tentacles
a: no special abilities


You were on level 5 of the Dungeon.
You visited 1 branch of the dungeon, and saw 5 of its levels.

You collected 265 gold pieces.

Inventory:

Hand Weapons
 a - a +1 vampiric dagger
 d - a +1 vampiric dagger
 u - a +0 scythe of protection
 v - a +1 mace of holy wrath
 y - a +1 war axe
Missiles
 e - 105 stones
 t - 5 javelins
 x - 2 poisoned darts
Armour
 i - a +0 buckler (worn)
Magical Staves
 b - a staff of fire
Jewellery
 f - a ring of ice (left tentacle)
Wands
 k - a wand of paralysis (8)
 A - a wand of iceblast (6)
Scrolls
 g - 2 scrolls of noise {unknown}
 h - 2 scrolls of fear {unknown}
 j - 2 scrolls of teleportation {unknown}
 n - 2 scrolls of identify {unknown}
 o - a scroll of immolation {unknown}
 s - a scroll of magic mapping {unknown}
Potions
 c - a potion of degeneration {unknown}
 l - a potion of invisibility {unknown}
 m - 2 potions of haste
 p - 2 potions of heal wounds {unknown}
 q - a potion of flight {unknown}
 r - a potion of berserk rage {unknown}
 w - a potion of mutation {unknown}
 z - 2 potions of curing
 B - a potion of brilliance {unknown}


   Skills:
 - Level 4.0 Fighting
 * Level 2.0 Dodging
 - Level 9.0 Stealth
 - Level 4.0 Shields
 - Level 5.0 Unarmed Combat
 - Level 3.0 Spellcasting
 - Level 4.0 Transmutations
 - Level 4.0 Ice Magic
 - Level 2.0 Poison Magic


You had 6 spell levels left.
You knew the following spells:

 Your Spells              Type           Power      Damage    Failure   Level
a - Beastly Appendage     Tmut           28%        N/A       4%          1
p - Spider Form           Tmut/Pois      11%        N/A       22%         3
q - Ice Form              Ice/Tmut       21%        N/A       43%         4

Your spell library contained the following spells:

 Spells                   Type           Power      Damage    Failure   Level
 Wereblood                Tmut           14%        N/A       8%          2
 Apportation              Tloc           4%         N/A       26%         1
 Slow                     Hex            8%         N/A       26%         1
 Poisonous Vapours        Pois/Air       10%        N/A       26%         2
 Blink                    Tloc           4%         N/A       36%         2
 Corpse Rot               Necr/Air       4%         N/A       36%         2
 Static Discharge         Conj/Air       2%         N/A       36%         2
 Confusing Touch          Hex            2%         N/A       58%         3
 Lesser Beckoning         Tloc           2%         N/A       58%         3
 Vampiric Draining        Necr           2%         2d6       58%         3
 Alistair's Intoxication  Tmut/Pois      7%         N/A       90%         5
 Dispel Undead            Necr           2%         3d7       94%         4
 Sticky Flame             Conj/Fire      2%         2d3       94%         4
 Manifold Assault         Tloc           2%         N/A       100%        5
 Storm Form               Tmut/Air       4%         N/A       100%        7


Dungeon Overview and Level Annotations

Branches:
Dungeon (5/15)             Temple (0/1) D:4

Altars:

Annotations:
D:4 glass case


Innate Abilities, Weirdness & Mutations

You cannot wear most types of armour.
You are amphibious.
You can wear up to eight rings at the same time.
Your skin changes colour to match your surroundings (Stealth+).
Your rubbery body absorbs attacks. (AC +1, EV +1)
((You are camouflaged when in or above water. (Stealth+)))
You have tentacles for arms and can constrict up to eight enemies at once.


Message History

The black bear claws you.
You hit the black bear.
The black bear looks as sick as possible!
The black bear is heavily wounded.
The black bear misses you. The black bear closely misses you.
The black bear claws you but does no damage.
You hit the black bear.
The black bear looks as sick as possible!
The black bear is severely wounded.
The black bear goes berserk!
You barely miss the black bear.
The black bear is severely wounded.
Your transformation has ended.
Your +0 buckler unmelds from your body.
The black bear bites you. The black bear barely misses you.
You block the black bear's attack.
You tentacle-slap the black bear but do no damage.
You grab the black bear.
You tentacle-slap the black bear, but do no damage.
The black bear is severely wounded.
You constrict the black bear. The black bear bites you!
The black bear claws you. The black bear closely misses you.
The black bear misses you. The black bear closely misses you.
You block the black bear's attack.
You release your grip on the black bear.
The black bear attacks as you move away!
The black bear bites you. The black bear completely misses you.
The black bear barely misses you.
Items here: )) [ ††.
The black bear attacks as you move away!
The black bear barely misses you. The black bear claws you.
* * * LOW HITPOINT WARNING * * *
The black bear barely misses you. The black bear bites you!
* * * LOW HITPOINT WARNING * * *
The black bear claws you.
* * * LOW HITPOINT WARNING * * *
The black bear claws you.
* * * LOW HITPOINT WARNING * * *
The black bear attacks as you move away!
The black bear bites you!
You die...

#. #.## ...
##.. ##$..
### ....##
...#.#..#
#.[##)###
#@h<..#
#...))..#
#.......#
#.#.....#
...#.....#
.##########
.


You could see a black bear (berserk, extremely poisoned).

Vanquished Creatures
  A two-headed ogre (D:4)
  Grinder (D:3)
  Sigmund (D:4)
  A black bear (D:4)
  A kobold brigand (D:4)
  A phantom (D:4)
  2 scorpions (D:4)
  3 wights (D:4)
  2 orc priests (D:4)
  An iguana (D:4)
  Jessica (D:3)
  5 orc wizards
  3 adders
  2 white imps (D:5)
  2 worms (D:2)
  2 dart slugs
  16 orcs
  5 ball pythons
  5 bats
  8 endoplasms
  2 giant cockroaches
  4 goblins (D:1)
  7 hobgoblins
  2 jackals (D:1)
  8 kobolds
  3 quokkas
  4 frilled lizards
  3 rats
96 creatures vanquished.

Vanquished Creatures (others)
  A goblin (D:4)
1 creature vanquished.

Grand Total: 97 creatures vanquished

Notes
Turn   | Place    | Note
-------+----------+-------------------------------------------
     0 | D:1      | avis the Octopode Transmuter began the quest for the Orb.
     0 | D:1      | Reached XP level 1. HP: 13/13 MP: 3/3
   158 | D:1      | Found a faded altar of an unknown god.
   170 | D:1      | Reached skill level 1 in Stealth
   303 | D:1      | Reached XP level 2. HP: 19/19 MP: 3/5
   656 | D:1      | Reached skill level 2 in Stealth
  1048 | D:1      | Reached XP level 3. HP: 22/24 MP: 3/6
  1074 | D:1      | Learned a level 3 spell: Spider Form
  1105 | D:1      | Reached skill level 3 in Stealth
  1673 | D:1      | Reached skill level 1 in Poison Magic
  2049 | D:2      | Reached skill level 4 in Stealth
  2065 | D:2      | Reached XP level 4. HP: 25/29 MP: 5/7
  2938 | D:3      | Noticed Grinder
  2938 | D:3      | Paralysed by Grinder for 5 turns
  2942 | D:3      | Noticed Jessica
  3147 | D:3      | Killed Grinder
  3148 | D:3      | Reached skill level 1 in Shields
  3148 | D:3      | Reached skill level 5 in Stealth
  3148 | D:3      | Reached skill level 6 in Stealth
  3148 | D:3      | Reached XP level 5. HP: 18/34 MP: 5/8
  3148 | D:3      | Reached XP level 6. HP: 20/39 MP: 5/9
  3315 | D:3      | Killed Jessica
  3684 | D:4      | Noticed a black bear
  3805 | D:4      | Killed a black bear
  3810 | D:4      | Noticed Sigmund
  3837 | D:4      | Killed Sigmund
  3838 | D:4      | Reached skill level 7 in Stealth
  3838 | D:4      | Reached XP level 7. HP: 21/46 MP: 7/10
  3842 | D:3      | HP: 2/46 [something (1)]
  4802 | D:4      | Reached skill level 8 in Stealth
  4802 | D:4      | Reached XP level 8. HP: 51/52 MP: 8/11
  4833 | D:4      | Learned a level 4 spell: Ice Form
  4964 | D:4      | Found a staircase to the Ecumenical Temple.
  4970 | D:4      | Reached skill level 9 in Stealth
  5243 | D:4      | Reached skill level 5 in Unarmed Combat
  5327 | D:4      | Noticed a two-headed ogre
  5356 | D:4      | Killed a two-headed ogre
  5357 | D:4      | Reached skill level 1 in Ice Magic
  5357 | D:4      | Reached XP level 9. HP: 16/58 MP: 12/12
  6028 | D:5      | Entered Level 5 of the Dungeon
  6120 | D:5      | Slain by a black bear

Illustrated notes

Levels and vault maps discovered:
D:1:      minmay_arrival_jagged, layout_loops_corners,
          ebering_ecumenical_altar_mist
D:2:      layout_loops_ring, hangedman_decor_push
D:3:      layout_rooms, uniq_grinder, uniq_jessica
D:4:      layout_basic, temple_fountains, due_unseen_surprise, uniq_sigmund
D:5:      layout_rooms, ashenzari_conservatory_becter, ebering_ghost_rock_garden

Skill      XL: |  1  2  3  4  5  6  7  8  9 |
---------------+----------------------------+-----
Stealth        | 1 2 4 6 7 8 9 |  9.0
Fighting       | 2 3 4 |  4.0
Poison Magic   | 1 2 |  2.0
Shields        | 3 4 |  4.0
Transmutations | 3 4 |  4.0
Unarmed Combat | 4 5 |  5.0
Ice Magic      | 4 |  4.0
Spellcasting   | 3 |  3.0
Dodging        | |  2.0

Action                   |  1- 3 |  4- 6 |  7- 9 || total
-------------------------+-------+-------+-------++-------
Melee: Unarmed           |    62 |    59 |   145 ||   266
       Constrict         |    20 |     6 |     8 ||    34
       Tentacles         |     9 |     6 |    10 ||    25
       Kick              |    18 |     9 |     7 ||    34
       Punch             |     1 |     2 |     1 ||     4
 Cast: Beastly Appendage |    25 |    19 |     5 ||    49
       Spider Form       |     2 |     4 |    16 ||    22
 Abil: End Transformatio |       |       |     1 ||     1
  Use: Potion            |       |       |     5 ||     5
 Stab: Sleeping          |     7 |     8 |     5 ||    20
       Distracted        |     1 |       |       ||     1
Armor: Skin              |     3 |     9 |    29 ||    41
Dodge: Dodged            |    32 |    40 |    94 ||   166
Block: Buckler           |       |       |     5 ||     5

Table legend: (Time is in decaauts)
 A = Elapsed time spent in this place.
 B = Non-inter-level travel time spent in this place.
 C = Inter-level travel time spent in this place.
 D = Time resting spent in this place.
 E = Time spent auto-exploring this place.
 F = Levels seen in this place.
 G = Mean time per level.
                   A        B        C        D        E       F      G
               +--------+--------+--------+--------+--------+-----+--------+
         Total |   6112 |   5802 |    310 |   3050 |   1582 |   5 | 1222.4 |
       Dungeon |   6112 |   5802 |    310 |   3050 |   1582 |   5 | 1222.4 |
               +--------+--------+--------+--------+--------+-----+--------+

Top non-repeatable levels by time:
     D:1: 1975 daAuts
     D:4: 1752 daAuts
     D:3: 1374 daAuts
     D:2: 961 daAuts
     D:5: 49 daAuts
